 Dungeon Crawl Stone Soup version 0.30-a0-989-g0d87f670db (webtiles) character file.

Game seed: 15898437016565175035

2471 avis the Changer (level 9, -2/71 HPs)
             Began as a Demigod Transmuter on Apr 2, 2023.
             Slain by an orc knight
             ... wielding a +0 war axe
              (10 damage)
             ... in a bailey.
             The game lasted 01:06:00 (6338 turns).

avis the Changer (Demigod Transmuter)               Turns: 6338, Time: 01:06:00

Health: -2/71      AC:  6    Str: 15    XL:     9   Next: 6%
Magic:  19/20      EV: 22    Int: 19    God:
Gold:   18         SH:  0    Dex: 23    Spells: 1/18 levels left

rFire   . . .      SeeInvis .    b - melded +2 sling (flame)
rCold   . . .      Faith    .    (shield currently unavailable)
rNeg    . . .      Spirit   .    a - melded +0 robe
rPois   .          Reflect  .    (helmet currently unavailable)
rElec   .          Rampage  .    m - melded +0 cloak
rCorr   .                        x - melded +1 pair of gloves
Will    .....                    F - melded +1 pair of boots
Stlth   ++                       (no amulet)
HPRegen 0.31/turn                j - ring of poison resistance
MPRegen 0.17/turn                y - +4 ring of protection

@: spider-form
A: venomous fangs, tiny, high MP 1, forlorn, divine attributes
a: End Transformation


You were in a bailey.
You were a venomous arachnid creature.
You visited 2 branches of the dungeon, and saw 8 of its levels.
You also visited: Bailey.

You collected 313 gold pieces.
You spent 295 gold pieces at shops.

Inventory:

Hand Weapons
 b - a +2 sling of flaming (melded)
 f - a +0 broad axe
 w - a +6 flail of holy wrath
Missiles
 d - 7 boomerangs
 o - 4 poisoned darts
Armour
 a - a +0 robe (melded)
 m - a +0 cloak (melded)
 x - a +1 pair of gloves (melded)
 F - a +1 pair of boots (melded)
Jewellery
 j - a ring of poison resistance (left front pincers)
 v - a ring of protection from cold
 y - a +4 ring of protection (right front pincers)
 z - a ring of fire
 G - a ring of positive energy
 H - a +5 ring of evasion
Scrolls
 c - 4 scrolls of fog {unknown}
 h - 5 scrolls of teleportation {unknown}
 i - 3 scrolls of vulnerability {unknown}
 s - a scroll of enchant weapon {unknown}
 u - a scroll of blinking
 B - a scroll of brand weapon {unknown}
 C - 2 scrolls of poison {unknown}
Potions
 e - 2 potions of brilliance
 g - a potion of lignification
 l - a potion of cancellation
 n - a potion of resistance
 p - a potion of might
 q - a potion of haste
 D - 2 potions of berserk rage {unknown}
 E - 2 potions of flight


   Skills:
 - Level 4.0 Fighting
 - Level 4.0 Dodging
 - Level 1.0 Stealth
 - Level 4.0 Unarmed Combat
 - Level 5.0 Spellcasting
 - Level 2.0 Translocations
 * Level 6.5 Transmutations
 - Level 4.0 Ice Magic
 - Level 1.0 Poison Magic


You had one spell level left.
You knew the following spells:

 Your Spells              Type           Power      Damage    Failure   Level
a - Beastly Appendage     Tmut           58%        N/A       4%          1
b - Blink                 Tloc           24%        N/A       22%         2
e - Wereblood             Tmut           29%        N/A       6%          2
p - Spider Form           Tmut/Pois      19%        N/A       21%         3
q - Ice Form              Ice/Tmut       24%        N/A       32%         4
B - Blade Hands           Tmut           14%        N/A       43%         5

Your spell library contained the following spells:

 Spells                   Type           Power      Damage    Failure   Level
 Foxfire                  Conj/Fire      16%        2x1d2     28%         1
 Lesser Beckoning         Tloc           24%        N/A       22%         2
 Momentum Strike          Conj/Tloc      16%        3d8       28%         2
 Hailstorm                Conj/Ice       12%        3d5       34%         3
 Sublimation of Blood     Necr           4%         N/A       38%         2
 Portal Projectile        Hex/Tloc       16%        N/A       45%         3
 Tukima's Dance           Hex            4%         N/A       58%         3
 Fireball                 Conj/Fire      2%         3d4       99%         5
 Simulacrum               Ice/Necr       6%         N/A       100%        6
 Starburst                Conj/Fire      2%         6d3       100%        6
 Summon Hydra             Summ           2%         N/A       100%        7


Dungeon Overview and Level Annotations

Branches:
Dungeon (7/15)             Temple (1/1) D:4          Bailey (1/1)

Shops:
D:6 (


Innate Abilities, Weirdness & Mutations

You are a venomous arachnid creature.
You have venomous fangs.
You are tiny and dextrous.
Your spellcasting is less reliable in this form.
Your armour is entirely melded.
You are incapable of wielding weapons or throwing items.
You have an increased reservoir of magic. (+10% MP)
You shall have no god before yourself.
Your divine heritage dramatically boosts your attributes as you level up.


Message History

You hear a shout!
The goblin barely misses you. The goblin closely misses you.
You hear a shout! x4
Casting: Spider Form (dangerous; 8% risk of failure)
Confirm with . or Enter, or press ? or * to list all spells.
You turn into a venomous arachnid creature.
Your +2 sling of flaming melds into your body.
Your +0 cloak melds into your body.
Your +1 pair of gloves melds into your body.
Your +1 pair of boots melds into your body.
Your +0 robe melds into your body.
Your +2 sling of flaming stops flaming.
An orc knight comes into view. It is wielding a +0 war axe.
The goblin hits you with a +0 hand axe.
You hit the goblin.
You kill the goblin!
You hit the orc knight.
The orc knight is poisoned.
The orc knight is lightly wounded.
You bite the orc knight!
The orc knight looks as sick as possible!
The orc knight is moderately wounded.
The orc knight hits you with a +0 war axe!!
You hit the orc knight but do no damage.
The orc knight looks as sick as possible!
The orc knight is moderately wounded.
The orc knight hits you with a +0 war axe!
You completely miss the orc knight.
The orc knight is moderately wounded.
The orc knight hits you with a +0 war axe!
* * * LOW HITPOINT WARNING * * *
Items here: )) [[ ††.
There is an open door here.
The orc knight attacks as you move away!
The orc knight hits you with a +0 war axe!
* * * LOW HITPOINT WARNING * * *
The orc knight attacks as you move away!
The orc knight closely misses you.
You barely miss the orc knight.
The orc knight is heavily wounded.
The orc knight hits you with a +0 war axe!
You die...

#############.
####........)....
##........g..####
##.........#'##
#.....⌠..o.#))#
##......s###.g# ###.....#
+.)## .
######......###...^ .
#≈≈≈≈≈≈≈......#..####+###
.
#≈≈≈≈≈≈≈~≈≈.####.......###
###....~≈≈≈≈≈≈∩#.gg[...#∩≈
##......≈≈≈≈≈#########≈≈
##....†..≈≈≈≈≈≈≈≈≈≈≈≈≈≈
###..).....~≈≈≈≈≈≈≈~#


You could see an orc knight (very poisoned) and a goblin.

Vanquished Creatures
  Prince Ribbit (D:5)
  Sigmund (D:4)
  Edmund (D:5)
  3 orc warriors (Bailey)
  A black bear (D:4)
  A sky beast (D:6)
  An ice beast (D:5)
  An ogre (D:5)
  3 centaurs
  A kobold brigand (D:5)
  5 scorpions
  A jelly (D:6)
  7 hounds
  An orc priest (D:5)
  4 iguanas
  6 orc wizards (D:6)
  A gnoll (Bailey)
  7 adders
  3 worms
  2 dart slugs
  17 orcs
  4 bats
  9 endoplasms
  13 goblins
  3 hobgoblins
  4 jackals
  19 kobolds
  5 quokkas
  9 ball pythons
  3 frilled lizards (D:1)
  4 rats
141 creatures vanquished.

Vanquished Creatures (others)
  A sky beast (D:6)
  A kobold (D:6)
2 creatures vanquished.

Grand Total: 143 creatures vanquished

Notes
Turn   | Place    | Note
-------+----------+-------------------------------------------
     0 | D:1      | avis the Demigod Transmuter began the quest for the Orb.
     0 | D:1      | Reached XP level 1. HP: 15/15 MP: 5/5
    44 | D:1      | Reached skill level 1 in Fighting
   353 | D:1      | Reached XP level 2. HP: 24/24 MP: 4/7
  1228 | D:2      | Reached skill level 1 in Stealth
  1228 | D:2      | Reached XP level 3. HP: 29/29 MP: 8/8
  1232 | D:2      | Learned a level 3 spell: Spider Form
  1235 | D:2      | Learned a level 2 spell: Wereblood
  1293 | D:2      | Reached skill level 2 in Transmutations
  1663 | D:2      | Reached skill level 1 in Poison Magic
  2489 | D:3      | Reached XP level 4. HP: 36/36 MP: 9/9
  2787 | D:4      | Reached skill level 3 in Transmutations
  2956 | D:4      | Noticed Sigmund
  2968 | D:4      | Killed Sigmund
  2969 | D:4      | Reached XP level 5. HP: 45/45 MP: 7/12
  3032 | D:4      | Reached XP level 6. HP: 51/51 MP: 13/13
  3164 | D:4      | Learned a level 2 spell: Blink
  3411 | D:4      | Found a staircase to the Ecumenical Temple.
  3452 | Temple   | Entered the Ecumenical Temple
  3518 | D:4      | Learned a level 4 spell: Ice Form
  3639 | D:5      | Entered Level 5 of the Dungeon
  3725 | D:5      | Reached skill level 1 in Translocations
  3725 | D:5      | Reached XP level 7. HP: 57/57 MP: 13/16
  3791 | D:5      | Noticed Edmund
  3960 | D:5      | Killed Edmund
  3961 | D:5      | Reached skill level 4 in Transmutations
  4026 | D:5      | Found Zin's Purification Station.
  4404 | D:5      | Noticed Prince Ribbit
  4415 | D:5      | Killed Prince Ribbit
  4422 | D:5      | Reached XP level 8. HP: 26/66 MP: 15/18
  4722 | D:5      | Reached skill level 5 in Spellcasting
  4748 | D:5      | Learned a level 5 spell: Blade Hands
  5015 | D:5      | Bought a potion of curing for 90 gold pieces
  5078 | D:6      | Reached skill level 5 in Transmutations
  5091 | D:5      | Reached skill level 1 in Ice Magic
  5394 | D:6      | Found Misosaw's Weapon Emporium.
  5516 | D:6      | Reached skill level 6 in Transmutations
  5928 | D:6      | Upgraded the game from 0.30-a0-986-g7f2e898f52 to
                  | 0.30-a0-989-g0d87f670db
  5954 | D:6      | Bought a +2 sling of flaming for 205 gold pieces
  6170 | D:7      | Found a flagged portal.
  6175 | Bailey   | Entered a bailey
  6251 | Bailey   | Reached XP level 9. HP: 71/71 MP: 16/20
  6326 | Bailey   | Noticed an orc knight
  6338 | Bailey   | Slain by an orc knight

Illustrated notes

Levels and vault maps discovered:
D:1:      dpeg_arrival_brainrot, layout_loops_ring
D:2:      layout_basic, basic_ecumenical_altar, minmay_misc_feat_columns,
          skrybe_limestone_x
D:3:      layout_basic
D:4:      layout_rooms, okawaru_ov_weapons_minmay,
          minmay_temple_entry_nine_rooms, uniq_sigmund
D:5:      layout_basic, mainiacjoe_overflow_surrounded_room, old_standard_altar,
          zin_purify, uniq_edmund, uniq_prince_ribbit1
D:6:      layout_rooms, led_sif_pool, lemuel_tele_altar,
          makhleb_blood_cavern_becter, serial_shops, shop,
          minmay_a_box_with_orc_wizards_in_it
D:7:      layout_basic, nicolae_hepliaklqana_hazy_memory, serial_curves,
          eino_curves_01, eino_curves_01, enter_bailey_3
Temple:   hellmonk_temple_of_storms
Bailey:   bailey_axe_4, bailey

Skill      XL: |  1  2  3  4  5  6  7  8 |
---------------+-------------------------+-----
Fighting       | 2 3 4 |  4.0
Unarmed Combat | 3 4 |  4.0
Dodging        | 2 3 4 |  4.0
Stealth        | 1 |  1.0
Spellcasting   | 2 3 4 5 |  5.0
Transmutations | 2 3 4 6 |  6.5
Poison Magic   | 1 |  1.0
Translocations | 1 2 |  2.0
Ice Magic      | 4 |  4.0

Action                     |  1- 3 |  4- 6 |  7- 9 || total
---------------------------+-------+-------+-------++-------
  Melee: Unarmed           |    59 |    62 |   177 ||   298
         Headbutt          |    13 |     3 |     2 ||    18
         Kick              |    10 |    11 |     4 ||    25
         Punch             |     1 |     4 |       ||     5
   Fire: Sling             |    68 |     4 |    30 ||   102
         Shortbow          |       |    37 |    15 ||    52
   Cast: Beastly Appendage |    27 |     5 |     6 ||    38
         Spider Form       |     5 |     8 |    24 ||    37
         Wereblood         |     1 |     2 |     1 ||     4
         Blink             |       |       |     1 ||     1
    Use: Potion            |       |     1 |     4 ||     5
         Scroll            |       |     6 |     2 ||     8
   Stab: Sleeping          |     2 |       |     2 ||     4
 Armour: Robe              |    14 |     8 |     7 ||    29
         Skin              |       |     2 |     9 ||    11
  Dodge: Dodged            |    39 |    42 |   199 ||   280

Table legend: (Time is in decaauts)
 A = Elapsed time spent in this place.
 B = Non-inter-level travel time spent in this place.
 C = Inter-level travel time spent in this place.
 D = Time resting spent in this place.
 E = Time spent auto-exploring this place.
 F = Levels seen in this place.
 G = Mean time per level.
                   A        B        C        D        E       F      G
               +--------+--------+--------+--------+--------+-----+--------+
         Total |   6353 |   5462 |    891 |    743 |   2682 |   9 |  705.9 |
       Dungeon |   6152 |   5264 |    888 |    743 |   2682 |   7 |  878.9 |
        Temple |     27 |     25 |      2 |      0 |      0 |   1 |   27.0 |
        Bailey |    174 |    174 |      0 |      0 |      0 |   1 |  174.0 |
               +--------+--------+--------+--------+--------+-----+--------+

Top non-repeatable levels by time:
     D:5: 1380 daAuts
     D:2: 1133 daAuts
     D:1: 1017 daAuts
     D:4: 998 daAuts
     D:3: 827 daAuts
     D:6: 773 daAuts
  Bailey: 174 daAuts
  Temple: 27 daAuts
     D:7: 23 daAuts
